 Dungeon Crawl Stone Soup version 0.23.2 (webtiles) character file.

Game seed: 12539610388144503324

154669 Daunt the Warrior (level 17, 0/158 HPs)
             Began as a Barachi Berserker on Mar 31, 2019.
             Was a High Priest of Trog.
             Slain by a six-headed hydra simulacrum (13 damage)
             ... on level 4 of the Swamp.
             The game lasted 03:52:33 (30690 turns).

Daunt the Warrior (Barachi Berserker)              Turns: 30690, Time: 03:52:34

Health: 0/158      AC: 31    Str: 24    XL:     17   Next: 63%
Magic:  7/7        EV:  8    Int: 12    God:    Trog [*****.]
Gold:   1267       SH: 20    Dex: 18    Spells: 16/16 levels left

rFire    . . .     SeeInvis +   a - +6 scimitar (antimagic)
rCold    . . .     Gourm    .   p - +0 large shield
rNeg     + . .     Faith    .   L - +0 crystal plate armour
rPois    .         Spirit   .   R - +2 helmet {SInv}
rElec    .         Reflect  .   T - +2 cloak {+Inv}
rCorr    .         Harm     .   J - +2 pair of gloves {Dex+3}
MR       +....                  F - +2 pair of boots
Stlth    ..........             d - amulet of regeneration
HPRegen  0.76/turn              s - ring of Xom's Bemusement {Str+3 Int+3}
MPRegen  0.10/turn              O - ring "Cutolyeh" {rN+ Str+2}

@: about to teleport, marked, can't hop, slowed, lightly drained, very slow
A: +LOS, swims, deformed body, low mp 1, robust 1, slowness 1, weak 1, subdued
magic 1, strong legs 2
a: Hop, Berserk, Trog's Hand, Brothers in Arms, Renounce Religion, Evoke
Invisibility


You were on level 4 of the Swamp.
You worshipped Trog.
Trog was extremely pleased with you.
You were not hungry.

You visited 3 branches of the dungeon, and saw 25 of its levels.
You also visited: Ossuary, Bailey, Gauntlet and Ice Cave.

You collected 1807 gold pieces.
You spent 540 gold pieces at shops.

Inventory:

Hand Weapons
 a - a +6 antimagic scimitar (weapon)
Missiles
 b - 6 exploding tomahawks
 e - 6 javelins of penetration
 i - 4 poisoned javelins
 l - 3 steel tomahawks
 U - 10 javelins (quivered)
 Y - 4 poisoned tomahawks
 Z - 7 steel javelins
Armour
 p - a +0 large shield (worn)
 F - a +2 pair of boots (worn)
 J - a +2 pair of gloves of dexterity (worn)
 L - a +0 crystal plate armour (worn)
 R - a +2 helmet of see invisible (worn)
 T - a +2 cloak of invisibility (worn)
Jewellery
 d - an amulet of regeneration (around neck)
 r - the amulet of Attitude {Reflect rC+ MR+ Int-5 Slay+5 SH+3}
   (You found it on level 2 of the Lair of Beasts)

   [amulet of reflection]

   It shields you and reflects attacks.
   It affects your intelligence (-5).
   It affects your accuracy and damage with ranged weapons and melee attacks
   (+5).
   It protects you from cold.
   It affects your resistance to hostile enchantments.
   It affects your SH (+3).
 s - the ring of Xom's Bemusement (left hand) {Str+3 Int+3}
   (You found it on level 1 of the Lair of Beasts)

   [ring of strength]

   It affects your strength (+3).
   It affects your intelligence (+3).
 O - the ring "Cutolyeh" (right hand) {rN+ Str+2}
   (You acquired it on level 13 of the Dungeon)

   [ring of positive energy]

   It affects your strength (+2).
   It protects you from negative energy.
 Q - the amulet "Fita" {Acrobat rPois Dex+4}
   (You took it off a yaktaur on level 12 of the Dungeon)

   [amulet of the acrobat]

   It helps you evade while moving and waiting.
   It affects your dexterity (+4).
   It protects you from poison.
Wands
 f - a wand of flame (3)
 g - a wand of polymorph (9)
 x - a wand of clouds (2)
 y - a wand of disintegration (30)
 D - a wand of paralysis (19)
 G - a wand of iceblast (17)
 K - a wand of digging (20)
 S - a wand of enslavement (17)
Scrolls
 h - 11 scrolls of enchant weapon
 k - 9 scrolls of remove curse
 m - 2 scrolls of teleportation
 n - 7 scrolls of fear
 t - 5 scrolls of enchant armour
 w - 2 scrolls of magic mapping
 A - a scroll of silence
 B - 2 scrolls of blinking
 E - 9 scrolls of fog
 P - 2 scrolls of summoning
 W - 3 scrolls of identify
Potions
 j - 2 potions of cancellation
 o - a potion of resistance
 q - 6 potions of might
 u - 7 potions of haste
 v - a potion of flight
 C - a potion of mutation
 H - 13 potions of curing
 N - 5 potions of heal wounds
 X - 3 potions of agility
Miscellaneous
 z - a phial of floods
 I - a phantom mirror
 M - a lightning rod (4/4)
Comestibles
 c - 34 rations
 V - 3 chunks of flesh


   Skills:
 - Level 16.0(15.6) Fighting
 - Level 14.4(14.1) Long Blades
 - Level 14.2(13.9) Throwing
 - Level 15.3(15.0) Armour
 - Level 10.1(9.8) Dodging
 + Level 12.9(12.5) Shields
 - Level 9.0(8.7) Evocations


You had 16 spell levels left.
You didn't know any spells.
Your spell library was empty.

Dungeon Overview and Level Annotations

Branches:
Dungeon (15/15)            Temple (0/1) D:7            Lair (6/6) D:8
  Swamp (4/4) Lair:2        Snake (0/4) Lair:3        Slime (0/5) Lair:5
    Orc (0/2) D:12         Vaults (0/5) D:13         Depths (0/5) D:15

Altars:
Dithmenos
Elyvilon
Gozag
Hepliaklqana
Nemelex Xobeh
Ru
Sif Muna
Trog
Vehumet
Xom
Yredelemnul
The Shining One
Jiyva

Shops:
D:8 ?   D:10 [   D:14 !   D:15 [

Annotations:
D:4 Grinder


Innate Abilities, Weirdness & Mutations

Shadows flee at your approach. (+LOS)
You can swim through water.
You cover ground slowly.
You can hop long distances.
Armour fits poorly on your strangely shaped body.
Your magical capacity is low. (-10% MP)
You are robust. (+10% HP)
You are weak. (Str -2)
Your spells are a little easier to cast, but a little less powerful.


Message History

Unknown command.
Unknown command.
Unknown command.
As you read the scroll of teleportation, it crumbles to dust.
You feel strangely unstable.
You are engulfed in spectral mist.
The vampire mosquito bites you but does no damage. x2
An ice dragon comes into view.
The six-headed hydra simulacrum closely misses you.
You riposte.
You slice the six-headed hydra simulacrum!!
The six-headed hydra simulacrum is severely damaged.
The six-headed hydra simulacrum bites you.
* * * LOW HITPOINT WARNING * * *
The six-headed hydra simulacrum freezes you!!
* * * LOW HITPOINT WARNING * * *
You block the six-headed hydra simulacrum's attack.
The six-headed hydra simulacrum bites you!
* * * LOW HITPOINT WARNING * * *
The six-headed hydra simulacrum freezes you!
You die...

♣♣♣♣♣≈♣♣ ♣♣.......≈.
≈≈♣≈≈≈♣♣♣♣.≈§......≈≈ #
♣♣≈≈≈≈≈≈.♣♣≈..§...§.≈≈ #☼
#≈≈.....≈♣........≈≈.≈
°#°#≈.≈≈.....♣...♣....♣.≈
.°°§.Z≈≈≈♣≈....≈≈≈≈≈≈.§≈≈
#DD≈.≈≈≈≈..≈≈≈≈≈≈≈.≈≈≈≈
#♣≈.Z○Z§≈≈≈D≈≈≈≈D≈≈...
#≈.☼Z@y§≈≈.Z..§≈≈≈.♣♣.
♣♣..JZyW§t○.°≈≈≈§≈≈♣♣.
♣≈≈...§Z≈°°.○≈§≈≈≈.♣♣♣
♣♣≈≈..≈w.WW....≈≈≈≈♣♣.
♣≈≈≈♣W♣♣♣.≈°..≈≈≈≈≈..
≈≈≈♣♣♣.♣♣.≈≈.≈≈≈≈..≈♣
♣≈≈♣ ♣.♣..≈..≈≈≈≈.≈♣ ♣♣♣
♣♣♣♣.♣...≈♣.≈≈..≈♣
♣♣≈≈.♣≈.≈≈§♣♣≈♣♣.≈♣


You could see 2 ice dragons, an azure jelly, a nine-headed hydra, a tyrant
leech, a ghost crab, 4 freezing wraiths, a spectral alligator, a spectral swamp
dragon, 2 vampire mosquitoes, an eight-headed hydra simulacrum, 3 six-headed
hydra simulacra and a four-headed hydra simulacrum.

Vanquished Creatures
  Gastronok (D:10)
  Kirke (Lair:5)
  2 thorn hunters
  Roxanne (Swamp:3)
  A frost giant (IceCv)
  A minotaur (Gauntlet)
  A great orb of eyes (Gauntlet)
  An ogre mage (D:15)
  4 vault guards (D:13)
  3 fire dragons
  Harold (D:7)
  The ghost of AirWizard the Zephyrmancer, a journeyman TeAE of Vehumet (D:14)
  2 catoblepae
  8 hydras
  3 ghost crabs
  4 centaur warriors
  16 alligators
  8 two-headed ogres
  2 death yaks (IceCv)
  3 death knights
  A soul eater (Gauntlet)
  14 skeletal warriors
  A fire crab (D:13)
  A flayed ghost (D:15)
  4 spriggan druids
  6 unseen horrors
  A wizard (D:11)
  2 swamp dragons (Swamp:1)
  Pikel (D:5)
  2 lindwurms
  A necromancer (D:15)
  4 orc knights
  A harpy (D:13)
  A stone giant zombie (D:15)
  A wolf spider (D:12)
  A phantasmal warrior (D:14)
  An orc sorcerer (D:15)
  3 cyclopes
  A deep elf mage (D:13)
  10 ugly things
  2 manticores
  A manticore (shapeshifter) (D:13)
  6 black mambas
  An ice statue (IceCv)
  A guardian serpent (shapeshifter) (D:13)
  A torpor snail (Gauntlet)
  16 spiny frogs
  A gargoyle (D:14)
  2 spriggan zombies (D:15)
  A kobold demonologist (D:13)
  2 molten gargoyles (Lair:6)
  3 yaktaurs
  4 freezing wraiths
  2 rime drakes
  4 komodo dragons
  3 meliai (Lair:4)
  15 polar bears
  6 trolls
  7 tyrant leeches
  A queen bee (Lair:4)
  3 hornets
  6 dream sheep
  29 slime creatures
  A fire dragon zombie (D:15)
  13 blink frogs
  Prince Ribbit (D:7)
  13 bog bodies
  2 hippogriffs
  Sigmund (D:6)
  3 shadows
  63 yaks
  4 spriggans
  7 wyverns
  A vampire (D:13)
  2 wraiths
  2 hogs
  A steam dragon (Lair:6)
  5 basilisks
  Eustachio (D:6)
  6 hungry ghosts
  33 vampire mosquitoes
  4 swamp worm simulacra (Swamp:4)
  20 swamp worms
  3 nagas (Lair:3)
  An acid dragon (D:15)
  3 soldier ants
  11 insubstantial wisps
  Edmund (D:6)
  A hydra simulacrum (Swamp:4)
  4 hell hounds (Lair:6)
  14 water moccasins
  6 black bears
  12 swamp drakes
  11 porcupines
  A slave (D:5)
  3 ice beasts
  4 phantoms
  2 eyes of draining
  20 orc warriors
  3 sky beasts
  8 ogres
  19 wolves
  14 centaurs
  16 crocodiles
  An elf zombie (Ossuary)
  Blork the orc (D:4)
  3 big kobolds
  20 bullfrogs
  A wyvern zombie (D:14)
  A gnoll sergeant (D:10)
  7 scorpions
  30 killer bees
  11 wights
  An electric eel (Lair:6)
  2 howler monkeys
  8 centaur zombies
  9 crimson imps
  2 bullfrog zombies
  4 lava snakes (Lair:6)
  2 quasits (D:10)
  8 orc priests
  2 gnoll shamans
  7 hounds
  A bullfrog skeleton (D:12)
  2 human zombies (Ossuary)
  4 centaur skeletons
  Terence (D:3)
  6 iguanas
  10 orc wizards
  10 worker ants
  2 killer bee zombies
  A big kobold zombie (Ossuary)
  A hound skeleton (D:11)
  2 mummies (Ossuary)
  2 worker ant zombies
  11 gnolls
  13 adders
  8 shadow imps
  4 oozes (Lair:5)
  4 swamp drake simulacra (Swamp:4)
  An adder skeleton (D:4)
  2 adder zombies (Ossuary)
  4 worms
  3 dart slugs
  4 leopard geckos
  85 orcs
  7 giant cockroaches
  9 goblins
  9 hobgoblins
  16 jackals
  26 kobolds
  6 quokkas
  6 bats
  5 frilled lizards
  2 goblin zombies (D:7)
  10 hobgoblin zombies (Ossuary)
  2 jackal zombies (Ossuary)
  10 kobold zombies (Ossuary)
  A leopard gecko skeleton (D:2)
  6 orc zombies (Ossuary)
  A quokka skeleton (D:10)
  9 rats
  2 rat zombies (Ossuary)
  4 briar patches (Swamp:3)
1010 creatures vanquished.

Vanquished Creatures (collateral kills)
  4 hydras
  2 cyclopes
  5 ugly things
  A rime drake (Lair:2)
  A queen bee (D:9)
  A hippogriff (Lair:5)
  A wyvern (D:15)
  A basilisk (Lair:5)
  5 yaks
  A vampire mosquito (D:13)
  A centaur (D:15)
  7 killer bees
30 creatures vanquished.

Vanquished Creatures (others)
  2 spriggan druids (Swamp:3)
  A hornet (Swamp:3)
  A spriggan (Swamp:3)
  A swamp drake (Swamp:4)
  A wolf (IceCv)
  A briar patch (Swamp:3)
  7 fungi
  32 plants
  A withered plant (D:15)
47 creatures vanquished.

Grand Total: 1087 creatures vanquished

Notes
Turn   | Place    | Note
-------+----------+-------------------------------------------
     0 | D:1      | Daunt the Barachi Berserker began the quest for the Orb.
     0 | D:1      | Reached XP level 1. HP: 18/18 MP: 1/1
    72 | D:1      | Reached XP level 2. HP: 12/24 MP: 2/2
   659 | D:1      | Reached XP level 3. HP: 29/29 MP: 3/3
   665 | D:1      | Reached skill level 5 in Long Blades
  1303 | D:2      | Reached XP level 4. HP: 33/36 MP: 4/4
  1325 | D:2      | Reached ** piety under Trog
  1540 | D:2      | Found a sparkling altar of Nemelex Xobeh.
  2027 | D:3      | Reached XP level 5. HP: 40/41 MP: 5/5
  2178 | D:3      | Noticed Terence
  2194 | D:3      | Killed Terence
  2216 | D:3      | Reached *** piety under Trog
  2623 | D:4      | Noticed Blork the orc
  2635 | D:4      | Killed Blork the orc
  2635 | D:4      | Reached XP level 6. HP: 47/47 MP: 6/6
  2660 | D:4      | HP: 2/47 [poisoned by a worker ant]
  2667 | D:4      | HP: 1/47 [poisoned by a worker ant]
  3051 | D:4      | Noticed Grinder
  3275 | D:4      | Paralysed by Grinder for 7 turns
  3288 | D:4      | Paralysed by Grinder for 5 turns
  3294 | D:4      | Paralysed by Grinder for 2 turns
  3591 | D:4      | Found an opulent altar of Gozag.
  3618 | D:4      | Paralysed by Grinder for 2 turns
  3622 | D:4      | Paralysed by Grinder for 4 turns
  3833 | D:4      | Found a glowing golden altar of the Shining One.
  3867 | D:5      | Entered Level 5 of the Dungeon
  3899 | D:5      | Noticed a sky beast
  3902 | D:5      | Killed a sky beast
  3977 | D:5      | Reached XP level 7. HP: 51/52 MP: 7/7
  4157 | D:5      | Noticed Pikel
  4299 | D:5      | Killed Pikel
  4299 | D:5      | Reached XP level 8. HP: 59/59 MP: 8/8
  4394 | D:5      | Reached skill level 4 in Fighting
  4886 | D:6      | Noticed Eustachio
  4909 | D:6      | Killed Eustachio
  4909 | D:6      | Reached skill level 5 in Fighting
  4992 | D:6      | Found a sparkling altar of Nemelex Xobeh.
  5084 | D:6      | Reached skill level 6 in Fighting
  5112 | D:6      | Reached XP level 9. HP: 59/69 MP: 9/9
  5155 | D:6      | Noticed Sigmund
  5161 | D:6      | Killed Sigmund
  5553 | D:6      | Noticed Edmund
  5564 | D:6      | Killed Edmund
  5564 | D:6      | Reached skill level 7 in Fighting
  5944 | D:7      | Reached **** piety under Trog
  5961 | D:7      | Got a spiked leather armour
  5974 | D:7      | Found a sand-covered staircase.
  6004 | D:7      | Identified the +2 leather armour of Riprour {MR++} (You
                  | found it on level 7 of the Dungeon)
  6007 | Ossuary  | Entered an ossuary
  6236 | Ossuary  | Reached ***** piety under Trog
  6440 | D:7      | Reached skill level 8 in Fighting
  6490 | D:7      | Found a basalt altar of Yredelemnul.
  6695 | D:7      | Noticed Prince Ribbit
  6829 | D:7      | Found a shadowy altar of Dithmenos.
  6842 | D:7      | Killed Prince Ribbit
  6842 | D:7      | Reached XP level 10. HP: 82/82 MP: 10/10
  6951 | D:7      | Noticed Harold
  6970 | D:7      | Killed Harold
  6970 | D:7      | Reached skill level 9 in Fighting
  6986 | D:7      | Found a staircase to the Ecumenical Temple.
  7289 | D:8      | Reached skill level 1 in Evocations
  7317 | D:8      | Found a staircase to the Lair.
  7361 | D:8      | Reached skill level 10 in Fighting
  7528 | D:8      | Found Amniumul's Magic Scroll Emporium.
  8391 | D:9      | Reached skill level 5 in Armour
  8516 | D:9      | Noticed a two-headed ogre
  8538 | D:9      | Killed a two-headed ogre
  8538 | D:9      | Reached skill level 5 in Dodging
  8538 | D:9      | Reached XP level 11. HP: 90/90 MP: 12/14
  8577 | D:9      | Found a bloodstained altar of Trog.
  8580 | D:9      | Found a radiant altar of Vehumet.
  8583 | D:9      | Found a white marble altar of Elyvilon.
  8593 | D:9      | Found a hazy altar of Hepliaklqana.
  8832 | D:9      | Reached skill level 5 in Evocations
  9291 | D:10     | Entered Level 10 of the Dungeon
  9653 | D:10     | Found Hely's Antique Armour Emporium.
  9665 | D:10     | Bought a pair of embroidered gloves for 210 gold pieces
  9721 | D:10     | Noticed Gastronok
  9763 | D:10     | Killed Gastronok
 10115 | D:10     | Noticed an unseen horror
 10223 | D:10     | Received a gift from Trog
 10580 | D:10     | Killed an unseen horror
 10580 | D:10     | Reached XP level 12. HP: 91/97 MP: 5/17
 10957 | D:11     | Noticed a two-headed ogre
 10968 | D:11     | Killed a two-headed ogre
 11370 | D:12     | Noticed a death knight
 11390 | D:11     | Killed a death knight
 11536 | D:12     | Found a flagged portal.
 11554 | D:12     | Reached skill level 1 in Throwing
 11710 | Bailey   | Entered a bailey
 11719 | Bailey   | Reached ****** piety under Trog
 11784 | Bailey   | Reached skill level 11 in Fighting
 11805 | Bailey   | Received a gift from Trog
 12140 | Bailey   | Reached skill level 10 in Armour
 12222 | D:12     | Found a staircase to the Orcish Mines.
 12436 | D:12     | Reached skill level 5 in Throwing
 12517 | D:12     | Noticed a two-headed ogre
 12531 | D:12     | Killed a two-headed ogre
 12586 | D:11     | Gained mutation: You can hop long distances. [Barachi
                  | growth]
 12586 | D:11     | Reached XP level 13. HP: 95/106 MP: 6/19
 13130 | D:13     | Identified the cursed +1 hand axe "Domais" {chop, rElec
                  | rC++ Dex-4 SInv}
 13130 | D:13     | Identified the amulet "Fita" {Acrobat rPois Dex+4}
 13147 | D:13     | Noticed a fire dragon
 13371 | D:13     | Found a gate leading to a gauntlet.
 13383 | D:13     | Received a gift from Trog
 13398 | D:13     | HP: 1/106 [yaktaur/bolt (9)]
 13399 | Gauntlet | Entered a Gauntlet
 13399 | Gauntlet | Found a transporter.
 13399 | Gauntlet | Found a transporter.
 13432 | Gauntlet | Found a transporter.
 13451 | Gauntlet | Found a transporter.
 13471 | Gauntlet | Found a transporter.
 13484 | Gauntlet | Found a transporter.
 13508 | Gauntlet | Found a transporter.
 13546 | Gauntlet | Found a transporter.
 13569 | Gauntlet | Found a transporter.
 13584 | Gauntlet | Found a transporter.
 13585 | Gauntlet | Found a transporter.
 13586 | Gauntlet | Found a large runed translucent door.
 13587 | Gauntlet | Found a large runed translucent door.
 13588 | Gauntlet | Found a large runed translucent door.
 13588 | Gauntlet | Found a large runed translucent door.
 13588 | Gauntlet | Found a runed translucent door.
 13589 | Gauntlet | Found a large runed translucent door.
 13599 | Gauntlet | Found a transporter.
 13612 | Gauntlet | Found a transporter.
 13614 | Gauntlet | Found a large runed translucent door.
 13615 | Gauntlet | Found a large runed translucent door.
 13616 | Gauntlet | Found a large runed translucent door.
 13617 | Gauntlet | Found a runed translucent gate.
 13618 | Gauntlet | Found a transporter.
 13618 | Gauntlet | Found a runed translucent gate.
 13694 | Gauntlet | Found a large runed translucent door.
 13695 | Gauntlet | Found a large runed translucent door.
 13696 | Gauntlet | Found a large runed translucent door.
 13696 | Gauntlet | Found a large runed translucent door.
 13696 | Gauntlet | Found a runed translucent door.
 13697 | Gauntlet | Found a large runed translucent door.
 13698 | Gauntlet | Found a large runed translucent door.
 13699 | Gauntlet | Found a large runed translucent door.
 13699 | Gauntlet | Found a large runed translucent door.
 13700 | Gauntlet | Found a runed translucent gate.
 13710 | Gauntlet | Noticed a great orb of eyes
 13712 | Gauntlet | Found a transporter.
 13712 | Gauntlet | Found a transporter.
 13828 | Gauntlet | Reached skill level 10 in Throwing
 13831 | Gauntlet | Received a gift from Trog
 13861 | Gauntlet | Got a brightly glowing lapis lazuli ring
 13916 | Gauntlet | Killed a great orb of eyes
 13945 | Gauntlet | Identified the ring of Pehupo {Wiz Stlth+} (You found it in
                  | a Gauntlet)
 14019 | Gauntlet | Noticed a minotaur
 14027 | Gauntlet | Killed a minotaur
 14197 | D:13     | Identified the +1 ice dragon scales of the Shrike {rF- rC++
                  | Str+5}
 14389 | Lair:1   | Entered Level 1 of the Lair of Beasts
 14411 | Lair:1   | Got a heavily runed lead ring
 14413 | Lair:1   | Identified the ring of Xom's Bemusement {Str+3 Int+3} (You
                  | found it on level 1 of the Lair of Beasts)
 15355 | Lair:2   | Reached XP level 14. HP: 69/113 MP: 7/20
 15434 | Lair:2   | Found a staircase to the Swamp.
 15725 | Lair:2   | Got a clouded brass amulet
 16072 | Lair:3   | Found a staircase to the Snake Pit.
 16185 | Lair:3   | Received a gift from Trog
 16521 | Lair:3   | Identified the amulet of Attitude {Reflect rC+ MR+ Int-5
                  | Slay+5 SH+3} (You found it on level 2 of the Lair of
                  | Beasts)
 17944 | Lair:5   | Noticed Kirke
 18005 | Lair:5   | Killed Kirke
 18069 | Lair:5   | Found a runed translucent door.
 18069 | Lair:5   | Found a viscous altar of Jiyva.
 18069 | Lair:5   | Found a staircase to the Slime Pits.
 18365 | Lair:5   | Reached skill level 12 in Fighting
 18387 | Lair:5   | Received a gift from Trog
 18707 | Lair:6   | Entered Level 6 of the Lair of Beasts
 19800 | Lair:6   | Received a gift from Trog
 19800 | Lair:6   | Reached skill level 13 in Fighting
 19971 | Lair:6   | Found a large runed translucent door.
 19982 | Lair:6   | Found a large runed translucent door.
 20061 | Lair:6   | Reached XP level 15. HP: 124/124 MP: 7/21
 20386 | Lair:6   | Received a gift from Trog
 20863 | D:13     | Identified a scroll of acquirement
 20866 | D:13     | Got a transparent brass ring
 20868 | D:13     | Identified the ring "Cutolyeh" {rN+ Str+2} (You acquired it
                  | on level 13 of the Dungeon)
 20923 | D:13     | Found an opulent altar of Gozag.
 20923 | D:13     | Found a shadowy altar of Dithmenos.
 20925 | D:13     | Found a deep blue altar of Sif Muna.
 20925 | D:13     | Found a shimmering altar of Xom.
 21146 | D:13     | Received a gift from Trog
 21201 | D:13     | Found a gate to the Vaults.
 21337 | D:13     | Reached skill level 14 in Fighting
 21442 | D:13     | Received a gift from Trog
 21984 | D:14     | Received a gift from Trog
 22081 | D:14     | Found Kayffeq's Distillery.
 22449 | D:14     | Found a sacrificial altar of Ru.
 22479 | D:14     | Found a runed translucent door.
 22517 | D:14     | Noticed AirWizard's ghost (journeyman TeAE)
 22537 | D:14     | Killed AirWizard's ghost
 22589 | D:15     | Entered Level 15 of the Dungeon
 22660 | D:15     | Found Soshayfa's Armour Boutique.
 22742 | D:15     | Found a staircase to the Depths.
 22894 | D:15     | Received a gift from Trog
 22912 | D:15     | Found a frozen archway.
 22982 | IceCv    | Entered an ice cave
 23004 | IceCv    | Reached skill level 15 in Fighting
 23298 | IceCv    | Received a gift from Trog
 23377 | IceCv    | Reached XP level 16. HP: 134/136 MP: 7/22
 23686 | IceCv    | Received a gift from Trog
 23707 | IceCv    | Got a scorched triple sword {god gift}
 23708 | IceCv    | Identified the +1 triple sword "Piameihupt" {distort, *Slow
                  | rF+ Dex+3} (Trog gifted it to you in an ice cave)
 23727 | IceCv    | Gained mutation: Armour fits poorly on your strangely
                  | shaped body. [mutagenic glow]
 23757 | IceCv    | Gained mutation: You tend to lose your temper in combat.
                  | [mutagenic glow]
 23906 | IceCv    | Gained mutation: Your spells are a little easier to cast,
                  | but a little less powerful. [mutagenic glow]
 24355 | D:15     | Reached skill level 15 in Armour
 24670 | D:15     | Bought a +1 helmet of see invisible for 330 gold pieces
 24945 | D:15     | Identified the +4 scale mail "Gefihatz" {Int+6 Dex+7
                  | Stlth-}
 25042 | D:15     | Reached skill level 10 in Dodging
 25315 | D:15     | Reached skill level 1 in Shields
 25776 | Swamp:1  | Entered Level 1 of the Swamp
 25798 | Swamp:1  | Reached skill level 16 in Fighting
 26096 | D:14     | Lost mutation: You tend to lose your temper in combat.
                  | [potion of mutation]
 26096 | D:14     | Gained mutation: You are weak. (Str -2) [potion of
                  | mutation]
 26096 | D:14     | Gained mutation: Your magical capacity is low. (-10% MP)
                  | [potion of mutation]
 26096 | D:14     | Gained mutation: You are robust. (+10% HP) [potion of
                  | mutation]
 26344 | Swamp:1  | Upgraded the game from 0.23.1-42-g8abd8fc to 0.23.2
 26417 | Swamp:1  | Received a gift from Trog
 26589 | Swamp:1  | Reached skill level 5 in Shields
 26859 | Swamp:1  | Noticed a thorn hunter
 26875 | Swamp:1  | Killed a thorn hunter
 27840 | Swamp:2  | Reached XP level 17. HP: 156/158 MP: 7/21
 27963 | Swamp:2  | Received a gift from Trog
 28443 | Swamp:3  | Reached skill level 10 in Shields
 28549 | Swamp:3  | Received a gift from Trog
 28938 | Swamp:3  | Identified Roxanne's Grimoire of the Rocks
 28938 | Swamp:3  | Noticed Roxanne
 29854 | Swamp:3  | Killed Roxanne
 29908 | Swamp:4  | Entered Level 4 of the Swamp
 30449 | Swamp:4  | Received a gift from Trog
 30690 | Swamp:4  | Slain by a six-headed hydra simulacrum

Skill      XL: |  1  2  3  4  5  6  7  8  9 10 11 12 13 14 15 16 17 |
---------------+----------------------------------------------------+-----
Long Blades    | 4 5 6 8 9 11 12 13 14 | 14.4
Fighting       | 6 8 10 11 13 15 16 | 16.0
Armour         | 3 6 8 10 12 14 15 | 15.3
Evocations     | 4 7 9 |  9.0
Dodging        | 5 7 9 10 | 10.1
Throwing       | 6 12 13 14 | 14.2
Shields        | 8 12 | 12.9

Action                   |  1- 3 |  4- 6 |  7- 9 | 10-12 | 13-15 | 16-18 || total
-------------------------+-------+-------+-------+-------+-------+-------++-------
Melee: Falchion          |   135 |   230 |       |       |       |       ||   365
       Long sword        |       |     6 |   505 |   640 |       |       ||  1151
       Scimitar          |       |       |       |   345 |  1385 |  1355 ||  3085
       Triple sword      |       |       |       |    20 |     4 |       ||    24
       Great sword       |       |       |       |       |    15 |       ||    15
Throw: Tomahawk          |       |       |     1 |    11 |    29 |       ||    41
       Javelin           |       |       |       |       |    38 |     8 ||    46
       Throwing net      |       |       |       |       |     1 |       ||     1
Invok: Berserk           |     3 |     4 |    10 |    13 |    15 |    11 ||    56
       Brothers in Arms  |       |       |       |     1 |    13 |     2 ||    16
       Trog's Hand       |       |       |       |     1 |     2 |       ||     3
 Abil: Hop               |       |     1 |     1 |     3 |     4 |     2 ||    11
Evoke: Wand              |       |       |       |     3 |    40 |    42 ||    85
       Lightning rod     |       |       |       |       |       |     7 ||     7
  Use: Scroll            |       |     6 |    10 |     6 |    20 |     6 ||    48
       Potion            |       |       |       |     1 |     2 |     4 ||     7
 Stab: Sleeping          |     1 |       |       |       |       |       ||     1
       Distracted        |       |       |       |       |     4 |       ||     4
       Confused          |       |       |       |       |       |     5 ||     5
  Eat: Chunk             |     4 |    12 |    11 |    31 |    36 |    25 ||   119
       Ration            |       |     1 |     2 |     2 |     9 |     4 ||    18
Armor: Animal skin       |    11 |       |       |       |       |       ||    11
       Chain mail        |    34 |   161 |    85 |       |       |       ||   280
       Plate armour      |       |       |    59 |   580 |       |       ||   639
       Leather armour    |       |       |    24 |       |       |       ||    24
       Crystal plate arm |       |       |       |    56 |   914 |   815 ||  1785
Dodge: Dodged            |    79 |   128 |   149 |   457 |   526 |   488 ||  1827
Block: Other             |       |       |       |       |    28 |    15 ||    43
       Large shield      |       |       |       |       |       |   792 ||   792
       Rpst.: Falchion   |    19 |    46 |       |       |       |       ||    65
       Long sword        |       |     2 |    40 |    81 |       |       ||   123
       Scimitar          |       |       |       |    47 |   132 |    76 ||   255
       Triple sword      |       |       |       |     3 |       |       ||     3
